[Event "1st Lasker Memorial GM 2019"]
[Site "Anogia"]
[Date "2019.09.16"]
[Round "6.2"]
[White "Alexakis, Georgios"]
[Black "Bronstein, Or"]
[Result "0-1"]
[ECO "B51"]
[WhiteElo "2175"]
[BlackElo "2404"]
[Annotator "RC"]
[PlyCount "118"]
[EventDate "2019.09.11"]
[EventType "tourn"]
[EventCountry "GRE"]
[SourceTitle "playchess.com"]
[Source "ChessBase"]
[SourceQuality "1"]
[TimeControl "40/5400+30:1800+30"]

1. e4 c5 2. Nf3 d6 3. Bb5+ Nd7 4. a4 a6 5. Be2 Ngf6 6. Nc3 b6 7. d4 cxd4 8. Nxd4 Bb7 9. f3 e6 10. Be3 Qc7 11. O-O Be7 12. Qe1 O-O 13. Qg3 Kh8 14. Rad1 Rac8 15. Rd2 Qb8 16. Nb3 Bd8 17. Rfd1 Bc7 18. Qh3 Qa8 19. Bf4 Ne5 20. Bg5 Ng6 21. g3 Nd7 22. Nd4 Bb8 23. Be3 Rfe8 24. Bd3 Nde5 25. Re2 Nxd3 26. cxd3 d5 27. Nb3 Ba7 28. Qg2 Red8 29. Qf2 Ne5 30. a5 dxe4 31. dxe4 Rxd1+ 32. Nxd1 Nd3 33. Qf1 bxa5 34. Nf2 a4 35. Nd4 Ne5 36. Kg2 Nc4 37. Nc2 Nxb2 38. Na3 Bxe3 39. Rxe3 Qa7 40. Qe2 Qd4 41. Qe1 e5 42. Re2 Nd3 43. Qb1 Nc5 44. Nc2 Qc4 45. Qd1 Nb3 46. Ne3 Qd4 47. Qb1 g6 48. Nc2 Qc4 49. Qd1 a5 50. Ng4 Ba6 51. Rf2 Qd3 52. Qb1 Qc3 53. Nce3 Bd3 54. Qa2 h5 55. Nf6 Qa1 56. Qxa1 Nxa1 57. Rd2 Nc2 58. Ned5 a3 59. Rxd3 Ne1+ 0-1

[Event "1st Lasker Memorial GM 2019"]
[Site "Anogia"]
[Date "2019.09.16"]
[Round "6.4"]
[White "Nikolaidis, Ioannis"]
[Black "Hristodoulou, Panagiotis"]
[Result "1-0"]
[ECO "D47"]
[WhiteElo "2530"]
[BlackElo "2280"]
[Annotator "ChessBase"]
[PlyCount "77"]
[EventDate "2019.09.11"]
[EventType "tourn"]
[EventCountry "GRE"]
[SourceTitle "playchess.com"]
[Source "ChessBase"]
[SourceQuality "1"]
[TimeControl "40/5400+30:1800+30"]

1. d4 d5 2. c4 e6 3. Nc3 c6 4. e3 Nf6 5. Nf3 Nbd7 6. Bd3 dxc4 7. Bxc4 b5 8. Be2 Bb7 9. O-O Be7 10. a3 a5 11. b3 O-O 12. Bb2 Qb8 13. Rc1 Rc8 14. h3 h6 15. Qd3 Ba6 16. Qb1 b4 17. Bxa6 bxc3 18. Bxc8 cxb2 19. Rxc6 Qxb3 20. Bxd7 Nxd7 21. Nd2 Qb5 22. Rc2 Bxa3 23. Nc4 Bb4 24. Nxb2 Nb6 25. Nd3 Rb8 26. Rc5 Qa4 27. Nxb4 axb4 28. Qa1 Qd7 29. Rb1 Nd5 30. Ra5 f5 31. Qa4 Qd8 32. Rxd5 Qxd5 33. Rxb4 Ra8 34. Qd1 Kh7 35. Qb1 Kg8 36. Rb5 Qa2 37. Rb8+ Kh7 38. Qxa2 Rxa2 39. Rb6 1-0

[Event "1st Lasker Memorial GM 2019"]
[Site "Anogia"]
[Date "2019.09.16"]
[Round "6.5"]
[White "Rozentalis, Eduardas"]
[Black "Beerdsen, Thomas"]
[Result "1-0"]
[ECO "C00"]
[WhiteElo "2533"]
[BlackElo "2482"]
[Annotator "ChessBase"]
[PlyCount "79"]
[EventDate "2019.09.11"]
[EventType "tourn"]
[EventCountry "GRE"]
[SourceTitle "playchess.com"]
[Source "ChessBase"]
[SourceQuality "1"]
[TimeControl "40/5400+30:1800+30"]

1. e4 c5 2. Nf3 e6 3. g3 Nc6 4. Bg2 Nf6 5. d3 d5 6. Nbd2 Be7 7. O-O b6 8. Re1 Qc7 9. c3 Bb7 10. a3 O-O-O 11. e5 Nd7 12. d4 g5 13. h3 h5 14. Nf1 Rdg8 15. b4 c4 16. a4 Kb8 17. b5 Na5 18. Ba3 Nf8 19. Bxe7 Qxe7 20. N3h2 Rg7 21. Ra2 Bc8 22. Qf3 Nd7 23. Qe3 Bb7 24. Nf3 Nf8 25. N1h2 g4 26. hxg4 hxg4 27. Nh4 Ng6 28. Nxg6 Rxg6 29. Qf4 Rh5 30. Nf1 Qf8 31. Ne3 Qg7 32. Rd2 Nb3 33. Rdd1 Qh7 34. Kf1 Kc8 35. Ke2 f6 36. Rh1 Rxh1 37. Rxh1 Rh6 38. Be4 Nc1+ 39. Kd2 Nb3+ 40. Kc2 1-0

[Event "1st Lasker Memorial GM 2019"]
[Site "Anogia"]
[Date "2019.09.17"]
[Round "7.1"]
[White "Beerdsen, Thomas"]
[Black "Avramidou, Anastasia"]
[Result "1-0"]
[ECO "B20"]
[WhiteElo "2482"]
[BlackElo "2249"]
[Annotator "ChessBase"]
[PlyCount "91"]
[EventDate "2019.09.11"]
[EventType "tourn"]
[EventCountry "GRE"]
[SourceTitle "playchess.com"]
[Source "ChessBase"]
[SourceQuality "1"]
[TimeControl "40/5400+30:1800+30"]

1. e4 c5 2. b4 cxb4 3. a3 d5 4. exd5 Qxd5 5. Nf3 Bg4 6. axb4 Nc6 7. c3 Nf6 8. Be2 e5 9. d3 Be7 10. O-O O-O 11. Nbd2 Rfd8 12. Re1 Bf8 13. Bb2 b5 14. c4 bxc4 15. dxc4 Qd7 16. b5 Nb4 17. Bxe5 Qf5 18. h3 Bxf3 19. Bxf3 Nd3 20. Bg3 Rac8 21. Qb1 Bc5 22. Kh2 Qg5 23. Ne4 Nxe4 24. Rxe4 Bxf2 25. Rg4 Bxg3+ 26. Rxg3 Qe5 27. Rxa7 h5 28. Bxh5 Qxh5 29. Rxd3 Qe5+ 30. Kh1 Qe2 31. Rc7 g6 32. Rxc8 Rxc8 33. b6 Rb8 34. c5 Qf2 35. Rc3 Re8 36. Rc1 Re3 37. b7 Rxh3+ 38. gxh3 Qf3+ 39. Kg1 Qg3+ 40. Kf1 Qxh3+ 41. Ke2 Qg2+ 42. Ke3 Qg3+ 43. Kd4 Qf4+ 44. Kd5 Qd2+ 45. Kc6 Qg2+ 46. Kb6 1-0

[Event "1st Lasker Memorial GM 2019"]
[Site "Anogia"]
[Date "2019.09.17"]
[Round "7.2"]
[White "Hristodoulou, Panagiotis"]
[Black "Rozentalis, Eduardas"]
[Result "0-1"]
[ECO "B12"]
[WhiteElo "2280"]
[BlackElo "2533"]
[Annotator "RC"]
[PlyCount "60"]
[EventDate "2019.09.11"]
[EventType "tourn"]
[EventCountry "GRE"]
[SourceTitle "playchess.com"]
[Source "ChessBase"]
[SourceQuality "1"]
[TimeControl "40/5400+30:1800+30"]

1. e4 c6 2. d4 d5 3. Nd2 Qc7 4. Ngf3 Bg4 5. Bd3 e6 6. O-O Nd7 7. Re1 dxe4 8. Nxe4 Ngf6 9. Bg5 Be7 10. Ng3 c5 11. dxc5 Bxc5 12. Be3 O-O-O 13. Qe2 Nd5 14. Ne4 Nxe3 15. fxe3 Ne5 16. Rf1 Bb6 17. Kh1 Kb8 18. a4 f5 19. Nc3 Qc5 20. Rae1 h5 21. Qd2 Bxf3 22. gxf3 g5 23. Qe2 g4 24. f4 Nf3 25. Rxf3 gxf3 26. Qxf3 h4 27. Nb5 Rhg8 28. Nc3 Rg7 29. Nb5 Rdg8 30. c3 Qxe3 0-1

[Event "1st Lasker Memorial GM 2019"]
[Site "Anogia"]
[Date "2019.09.17"]
[Round "7.4"]
[White "Bronstein, Or"]
[Black "Alexakis, Dimitrios"]
[Result "1-0"]
[ECO "E71"]
[WhiteElo "2404"]
[BlackElo "2077"]
[Annotator "ChessBase"]
[PlyCount "77"]
[EventDate "2019.09.11"]
[EventType "tourn"]
[EventCountry "GRE"]
[SourceTitle "playchess.com"]
[Source "ChessBase"]
[SourceQuality "1"]
[TimeControl "40/5400+30:1800+30"]

1. d4 Nf6 2. c4 g6 3. Nc3 Bg7 4. e4 d6 5. h3 O-O 6. Bg5 c5 7. d5 e6 8. Bd3 exd5 9. exd5 Nbd7 10. Nf3 Re8+ 11. Be3 Bh6 12. O-O Bxe3 13. fxe3 a6 14. e4 Kg7 15. Qd2 b6 16. Rf2 Ra7 17. Raf1 Ng8 18. Ne2 Ne5 19. Nxe5 Rxe5 20. b4 h5 21. Qb2 Nh6 22. Nf4 Rae7 23. Rb1 Kh7 24. bxc5 bxc5 25. Qb8 Rc7 26. Rb6 Re8 27. Nxh5 gxh5 28. Rxd6 Rd7 29. Rdf6 Qc7 30. Qb2 Qe5 31. Qc1 Ng8 32. R6f5 Qd4 33. Qg5 Qg7 34. Qxh5+ Qh6 35. e5 Qxh5 36. Rxh5+ Kg7 37. Rh7+ Kf8 38. e6 Nh6 39. exd7 1-0

[Event "1st Lasker Memorial GM 2019"]
[Site "Anogia"]
[Date "2019.09.17"]
[Round "7.5"]
[White "Colijn, Stefan"]
[Black "Alexakis, Georgios"]
[Result "1-0"]
[ECO "B22"]
[WhiteElo "2329"]
[BlackElo "2175"]
[Annotator "ChessBase"]
[PlyCount "87"]
[EventDate "2019.09.11"]
[EventType "tourn"]
[EventCountry "GRE"]
[SourceTitle "playchess.com"]
[Source "ChessBase"]
[SourceQuality "1"]
[TimeControl "40/5400+30:1800+30"]

1. e4 c5 2. Nf3 Nc6 3. c3 d5 4. exd5 Qxd5 5. d4 Bf5 6. Be3 cxd4 7. Nxd4 Nxd4 8. cxd4 a6 9. Nc3 Qd7 10. Na4 Qd6 11. Nc5 Nf6 12. Qb3 Rb8 13. Rc1 Be4 14. Nxe4 Nxe4 15. g3 e6 16. a3 Qd7 17. Bxa6 Nd6 18. Bf4 Be7 19. Bb5 Nxb5 20. Bxb8 Nxd4 21. Qc4 O-O 22. Ba7 Nf3+ 23. Ke2 Ne5 24. Qb3 b5 25. Be3 Qb7 26. Bf4 Nc4 27. f3 e5 28. Rxc4 exf4 29. Rxf4 Bc5 30. Re4 Ba7 31. Rd1 Qb6 32. Rd7 Qf2+ 33. Kd1 Bc5 34. Re8 Qg1+ 35. Kc2 Qxh2+ 36. Kb1 Qh5 37. Rxf8+ Bxf8 38. Qd5 Qg6+ 39. Ka2 h5 40. Qxb5 Bd6 41. Rd8+ Kh7 42. g4 Qe6+ 43. Qb3 Qe7 44. Qd3+ 1-0

[Event "1st Lasker Memorial GM 2019"]
[Site "Anogia"]
[Date "2019.09.18"]
[Round "8.1"]
[White "Avramidou, Anastasia"]
[Black "Alexakis, Georgios"]
[Result "1-0"]
[ECO "E01"]
[WhiteElo "2249"]
[BlackElo "2175"]
[Annotator "NA"]
[PlyCount "123"]
[EventDate "2019.09.11"]
[EventType "tourn"]
[EventCountry "GRE"]
[SourceTitle "playchess.com"]
[Source "ChessBase"]
[SourceQuality "1"]
[TimeControl "40/5400+30:1800+30"]

1. Nf3 Nf6 2. c4 e6 3. g3 d5 4. d4 Bb4+ 5. Bd2 Bd6 6. Nc3 c6 7. Bg2 Nbd7 8. b3 O-O 9. O-O b6 10. Qc2 Bb7 11. Rad1 Rc8 12. e4 dxe4 13. Nxe4 Nxe4 14. Qxe4 Qc7 15. Qh4 c5 16. Bc3 Bxf3 17. Bxf3 cxd4 18. Rxd4 Ne5 19. Bg2 Ng6 20. Qe4 Be5 21. Rd3 Bxc3 22. Rxc3 Rfd8 23. b4 Qd6 24. a3 a5 25. Rb1 axb4 26. axb4 Rc7 27. h4 h6 28. Bf1 Rdc8 29. Be2 Qe5 30. Qe3 Qxe3 31. Rxe3 Ne7 32. Ra3 Nc6 33. Bf1 Ne5 34. c5 bxc5 35. b5 Rb8 36. Bg2 Nd7 37. Ra8 Rxa8 38. Bxa8 Nb6 39. Bc6 Rc8 40. Ra1 Rb8 41. Kf1 Nd5 42. Ke2 Ne7 43. Kd3 Rb6 44. Kc4 Nxc6 45. Kxc5 Rxb5+ 46. Kxb5 Ne5 47. f4 Ng4 48. Kc6 g6 49. h5 gxh5 50. f5 exf5 51. Rf1 Kg7 52. Rxf5 Kg6 53. Rf4 f6 54. Kd6 Kg5 55. Ke6 Kg6 56. Rf5 Kg7 57. Rxh5 Kg6 58. Rf5 h5 59. Ra5 Kg7 60. Rxh5 Kg6 61. Rf5 Kg7 62. Rf4 1-0

[Event "1st Lasker Memorial GM 2019"]
[Site "Anogia"]
[Date "2019.09.18"]
[Round "8.2"]
[White "Alexakis, Dimitrios"]
[Black "Colijn, Stefan"]
[Result "1-0"]
[ECO "C90"]
[WhiteElo "2077"]
[BlackElo "2329"]
[Annotator "NA"]
[PlyCount "89"]
[EventDate "2019.09.11"]
[EventType "tourn"]
[EventCountry "GRE"]
[SourceTitle "playchess.com"]
[Source "ChessBase"]
[SourceQuality "1"]
[TimeControl "40/5400+30:1800+30"]

1. e4 e5 2. Nf3 Nc6 3. Bb5 a6 4. Ba4 Nf6 5. O-O b5 6. Bb3 Be7 7. d3 O-O 8. Re1 d6 9. c3 Na5 10. Bc2 c5 11. Nbd2 Nc6 12. Nf1 h6 13. Ng3 Re8 14. h3 Bf8 15. Nh2 g6 16. f4 exf4 17. Bxf4 Bg7 18. Nf3 Ne5 19. Rf1 Bb7 20. Qd2 Kh7 21. Rae1 Qd7 22. Nh2 Ng8 23. Qf2 Re7 24. d4 cxd4 25. cxd4 Nc6 26. Rd1 Rd8 27. Ng4 Qe8 28. d5 Nb8 29. h4 Bc8 30. Nh2 Bxb2 31. h5 Rc7 32. Bb1 Be5 33. Bxe5 Qxe5 34. Nf3 Qe7 35. e5 dxe5 36. Ne4 Rcd7 37. Nh4 Kg7 38. hxg6 fxg6 39. Qg3 Rd6 40. Nxd6 Rxd6 41. Bxg6 Rf6 42. Bf5+ Kf8 43. Ng6+ Rxg6 44. Bxg6+ Nf6 45. Rxf6+ 1-0

[Event "1st Lasker Memorial GM 2019"]
[Site "Anogia"]
[Date "2019.09.18"]
[Round "8.3"]
[White "Nikolaidis, Ioannis"]
[Black "Bronstein, Or"]
[Result "1/2-1/2"]
[ECO "E65"]
[WhiteElo "2530"]
[BlackElo "2404"]
[Annotator "ChessBase"]
[PlyCount "52"]
[EventDate "2019.09.11"]
[EventType "tourn"]
[EventCountry "GRE"]
[SourceTitle "playchess.com"]
[Source "ChessBase"]
[SourceQuality "1"]
[TimeControl "40/5400+30:1800+30"]

1. d4 Nf6 2. c4 g6 3. g3 Bg7 4. Bg2 O-O 5. Nc3 d6 6. Nf3 c5 7. O-O Nc6 8. dxc5 dxc5 9. Bf4 Nh5 10. Be3 b6 11. Qc1 Bb7 12. Rd1 Qc8 13. Bh6 Rd8 14. Nd5 e6 15. Bxg7 Kxg7 16. Qc3+ Kg8 17. Nf6+ Nxf6 18. Qxf6 Qc7 19. Ng5 Nd4 20. Bxb7 Qxb7 21. e3 Nc6 22. b3 Qe7 23. Qxe7 Nxe7 24. f4 Nc6 25. Kf2 h6 26. Ne4 f5 1/2-1/2

[Event "1st Lasker Memorial GM 2019"]
[Site "Anogia"]
[Date "2019.09.19"]
[Round "9.1"]
[White "Nikolaidis, Ioannis"]
[Black "Avramidou, Anastasia"]
[Result "1-0"]
[ECO "D36"]
[WhiteElo "2530"]
[BlackElo "2249"]
[Annotator "RC"]
[PlyCount "115"]
[EventDate "2019.09.11"]
[EventType "tourn"]
[EventCountry "GRE"]
[SourceTitle "playchess.com"]
[Source "ChessBase"]
[SourceQuality "1"]
[TimeControl "40/5400+30:1800+30"]

1. d4 d5 2. c4 e6 3. Nc3 Nf6 4. cxd5 exd5 5. Bg5 c6 6. e3 Be7 7. Qc2 Nbd7 8. Bd3 h6 9. Bh4 Nh5 10. Bxe7 Qxe7 11. Nge2 Nhf6 12. O-O O-O 13. Ng3 Re8 14. Rfe1 Nb6 15. f3 Be6 16. Qf2 Rad8 17. Rad1 a6 18. Rc1 Nbd7 19. Na4 b5 20. Nc5 Nxc5 21. Rxc5 Rc8 22. Rec1 Qd6 23. Qc2 Bd7 24. Nf5 Qe6 25. Re1 Nh5 26. Qf2 Qf6 27. g4 Rc7 28. Kf1 Bxf5 29. Bxf5 g6 30. Bxg6 fxg6 31. gxh5 gxh5 32. e4 Rg7 33. e5 Qe6 34. Ke2 Ree7 35. Rcc1 Rc7 36. Rg1 c5 37. Rxc5 Rxc5 38. Rxg7+ Kxg7 39. Qg3+ Kh7 40. dxc5 Qf5 41. e6 Qxe6+ 42. Kd3 h4 43. Qc7+ Kg8 44. c6 Qe1 45. Qd8+ Kh7 46. Qd7+ Kg6 47. Kd4 Qf2+ 48. Kxd5 Qxf3+ 49. Kc5 Qf2+ 50. Qd4 Qxh2 51. Qe4+ Kf6 52. Qd4+ Kg6 53. Qd3+ Kg5 54. Qd8+ Kg6 55. c7 Qf2+ 56. Kc6 Qg2+ 57. Qd5 Qg4 58. Qg8+ 1-0

[Event "1st Lasker Memorial GM 2019"]
[Site "Anogia"]
[Date "2019.09.19"]
[Round "9.3"]
[White "Beerdsen, Thomas"]
[Black "Alexakis, Georgios"]
[Result "1-0"]
[ECO "D42"]
[WhiteElo "2482"]
[BlackElo "2175"]
[Annotator "ChessBase"]
[PlyCount "47"]
[EventDate "2019.09.11"]
[EventType "tourn"]
[EventCountry "GRE"]
[SourceTitle "playchess.com"]
[Source "ChessBase"]
[SourceQuality "1"]
[TimeControl "40/5400+30:1800+30"]

1. e4 c5 2. Nf3 Nc6 3. c3 Nf6 4. e5 Nd5 5. d4 cxd4 6. cxd4 d6 7. exd6 e6 8. Nc3 Bxd6 9. Bd3 Be7 10. O-O O-O 11. Re1 Bf6 12. Bb1 Qb6 13. Re4 Rd8 14. Bg5 Bxg5 15. Nxg5 h6 16. Nxf7 Kxf7 17. Qh5+ Ke7 18. Nxd5+ Rxd5 19. Qxd5 Qxb2 20. Qc5+ Kd7 21. d5 Nd8 22. Re1 Qxa1 23. dxe6+ Nxe6 24. Rd1+ 1-0